 Dungeon Crawl Stone Soup version 0.29-a0-322-g68df515428 (webtiles) character file.

Game seed: 11198053437170681546

799 jlumianski the Chopper (level 7, -7/55 HPs)
             Began as a Demonspawn Fighter on Apr 8, 2022.
             Killed by divine providence
             ... invoked by an orc priest
              (12 damage)
             ... on level 6 of the Dungeon.
             The game lasted 00:18:19 (4676 turns).

jlumianski the Chopper (Demonspawn Fighter)         Turns: 4676, Time: 00:18:20

Health: -7/55      AC: 19    Str: 16    XL:     7   Next: 59%
Magic:  7/7        EV:  4    Int: 13    God:
Gold:   89         SH:  5    Dex: 12    Spells: 6/6 levels left

rFire   . . .      SeeInvis .   l - +1 war axe (freeze)
rCold   . . .      Faith    .   c - +1 buckler
rNeg    . . .      Spirit   .   o - +0 plate armour
rPois   .          Reflect  .   n - +2 helmet {Int+3}
rElec   .          Harm     .   j - +2 cloak
rCorr   .          Rampage  .   (no gloves)
Will    .....                   (no boots)
Stlth   ..........              (no amulet)
HPRegen 0.18/turn               (no ring)
MPRegen 0.10/turn               (no ring)

@: no status effects
A: demonic guardian 1, foul stench 1, sharp scales 1, weakness stinger 1, talons
1, weak 1
a: no special abilities


You were on level 6 of the Dungeon.
You visited 1 branch of the dungeon, and saw 6 of its levels.
You also visited: Sewer.

You collected 288 gold pieces.
You spent 199 gold pieces at shops.

Inventory:

Hand Weapons
 a - a +0 war axe
 l - a +1 war axe of freezing (weapon)
 s - a +0 triple crossbow
Missiles
 f - 6 poisoned darts (quivered)
 g - 146 stones
Armour
 b - a +0 scale mail
 c - a +1 buckler (worn)
 j - a +2 cloak (worn)
 n - a +2 helmet of intelligence (worn)
 o - a +0 plate armour (worn)
 v - a +0 chain mail
Scrolls
 i - a scroll of amnesia
 p - 3 scrolls of teleportation
 x - a scroll of magic mapping
Potions
 d - a potion of degeneration
 e - a potion of curing
 h - a potion of mutation
 k - a potion of haste
 m - a potion of brilliance {unknown}
 q - 2 potions of invisibility
 r - a potion of cancellation
 t - a potion of resistance
 u - a potion of attraction {unknown}
 w - a potion of magic {unknown}
 z - a potion of heal wounds {unknown}


   Skills:
 + Level 4.3 Fighting
 + Level 5.9 Axes
 + Level 0.3 Throwing
 + Level 4.1 Armour
 + Level 1.3 Dodging
 + Level 3.6 Shields


You had 6 spell levels left.
You didn't know any spells.
Your spell library contained the following spells:

 Spells                   Type           Power      Damage    Failure   Level
 Animate Skeleton         Necr           0%         N/A       100%        1
 Apportation              Tloc           0%         N/A       100%        1
 Magic Dart               Conj           0%         1d3       100%        1
 Pain                     Necr           0%         1d4       100%        1
 Call Imp                 Summ           0%         N/A       100%        2
 Mephitic Cloud           Conj/Pois/Air  0%         N/A       100%        3
 Ozocubu's Armour         Ice            0%         N/A       100%        3
 Vampiric Draining        Necr           0%         2d6       100%        3
 Alistair's Intoxication  Tmut/Pois      0%         N/A       100%        5
 Ozocubu's Refrigeration  Ice            0%         4d5       100%        7


Dungeon Overview and Level Annotations

Branches:
Dungeon (6/15)              Sewer (visited)
 Temple: D:4-7

Altars:

Shops:
D:4 (((*


Innate Abilities, Weirdness & Mutations

A weak demonic guardian rushes to your aid.
You may rarely emit foul miasma when damaged in melee.
You are partially covered in razor-sharp scales. (AC +1, Slay +1)
You have a small tail.
You have sharp toenails.
You are weak. (Str -2)


Message History

a jackal corpse; a jackal corpse
There is a stone staircase leading down here.
You climb downwards.
The white imp shouts, "Scamper home, thou ducking hell-hated bugbear!"
There is a stone staircase leading up here.
You slash the white imp! You claw the white imp.
Your tail-slap misses the white imp.
The white imp is almost dead.
The white imp hits you but does no damage.
You closely miss the white imp. You claw the white imp.
You kill the white imp!
There is a stone staircase leading up here.
You open the door.
There is an open door here.
An orc priest comes into view. It is wielding a +0 falchion.
The orc priest shouts!
You hear a shout! x2
The orc priest calls down the wrath of Beogh upon you.
Pain shoots through your body!
An orc comes into view. It is wielding a +0 falchion.
An orc warrior comes into view. It is wielding a +0 scimitar.
The orc warrior shouts!
The orc shouts!
An orc priest comes into view. It is wielding a +0 hand axe.
Found a stone staircase leading up.
The orc priest mumbles some strange prayers to Beogh against you.
Beogh smites you!
A demonic guardian appears!
The orc priest hits you but does no damage.
The orc priest hits you but does no damage.
The orc warrior hits you with a +0 scimitar!
The orc warrior hits you with a +0 scimitar.
* * * LOW HITPOINT WARNING * * *
There is an open door here.
The orc priest attacks as you move away!
You block the orc priest's attack.
Your iron imp barely misses the orc priest.
The orc warrior hits you with a +0 scimitar!
* * * LOW HITPOINT WARNING * * *
A demonic guardian appears!
The orc priest invokes the aid of Beogh against you.
Beogh smites you!
You die...

.... .... ...
#########..
#........######
#......#..5.#
+......#@...#
#.....oo....#
#....5o#....#
#.....o######
...##+###..
.... o... ....
..... ... .....
.<. .....


You could see an orc warrior (ally target), 2 orc priests, an orc, a friendly
iron imp (summoned) and a friendly ufetubus (summoned).

Vanquished Creatures
  Menkaure (D:4)
  An ogre (D:4)
  A necrophage (D:3)
  A scorpion (D:5)
  2 hounds (D:5)
  2 jellies (Sewer)
  Jessica (D:2)
  2 iguanas
  An orc wizard (D:5)
  4 gnolls
  5 adders
  2 river rats (Sewer)
  A white imp (D:6)
  4 worms
  2 dart slugs
  4 orcs
  4 bats
  13 endoplasms
  6 giant cockroaches
  9 goblins
  12 hobgoblins
  11 jackals
  5 quokkas
  7 ball pythons
  4 frilled lizards
  6 kobolds
  15 rats
126 creatures vanquished.

Notes
Turn   | Place    | Note
-------+----------+-------------------------------------------
     0 | D:1      | jlumianski the Demonspawn Fighter began the quest for the
                  | Orb.
     0 | D:1      | Reached XP level 1. HP: 18/18 MP: 1/1
   306 | D:1      | Gained mutation: You have a small tail. [demonic ancestry]
   306 | D:1      | Reached XP level 2. HP: 21/24 MP: 2/2
  1001 | D:1      | Found a faded altar of an unknown god.
  1312 | D:1      | Reached skill level 2 in Axes
  1312 | D:1      | Gained mutation: You may rarely emit foul miasma when
                  | damaged in melee. [demonic ancestry]
  1312 | D:1      | Reached XP level 3. HP: 29/29 MP: 3/3
  1565 | D:2      | Noticed Jessica
  1570 | D:2      | Killed Jessica
  1571 | D:2      | Gained mutation: A weak demonic guardian rushes to your
                  | aid. [demonic ancestry]
  1571 | D:2      | Reached XP level 4. HP: 35/35 MP: 4/4
  2067 | D:3      | Reached skill level 3 in Axes
  2067 | D:3      | Reached skill level 1 in Dodging
  2067 | D:3      | Reached XP level 5. HP: 41/41 MP: 5/5
  2393 | D:4      | Noticed Menkaure
  2403 | D:3      | You fall into a shaft and drop 1 floor!
  3250 | D:4      | Killed Menkaure
  3251 | D:4      | Reached skill level 4 in Axes
  3251 | D:4      | Reached XP level 6. HP: 33/48 MP: 6/6
  3357 | D:4      | Found Fuot's Assorted Antiques.
  3370 | D:4      | Bought a scroll of identify for 42 gold pieces
  3370 | D:4      | Bought a scroll of enchant armour for 157 gold pieces
  3375 | D:4      | Found Atager's Weapon Boutique.
  3455 | D:4      | Found Jaudid's Antique Weapon Emporium.
  3704 | D:4      | Found Zuzyxem's Antique Weapon Shoppe.
  3937 | D:5      | Entered Level 5 of the Dungeon
  4003 | D:5      | Reached skill level 5 in Axes
  4003 | D:5      | Gained mutation: You are partially covered in razor-sharp
                  | scales. (AC +1, Slay +1) [demonic ancestry]
  4003 | D:5      | Reached XP level 7. HP: 51/54 MP: 7/7
  4162 | D:5      | Found a glowing drain.
  4198 | Sewer    | Entered a sewer
  4426 | Sewer    | Found a viscous altar of Jiyva.
  4501 | Sewer    | Gained mutation: You have sharp toenails. [potion of
                  | mutation]
  4501 | Sewer    | Gained mutation: You are weak. (Str -2) [potion of
                  | mutation]
  4676 | D:6      | Killed from afar by an orc priest

Illustrated notes

Levels and vault maps discovered:
D:1:      ebering_trefoil_twist, layout_basic, ebering_ecumenical_altar_box
D:2:      layout_rooms, uniq_jessica
D:3:      corexii_shack_village, layout_basic
D:4:      layout_basic, serial_shops, nicolae_shop_crystal, shop_fountains,
          kennysheep_mini_moat, nicolae_square_shop, uniq_menkaure
D:5:      layout_loops_ring, nicolae_yredelemnul_corpse_copse,
          portal_sewer_entry_a
D:6:      layout_gridville, minmay_temple_entry_grid, lightli_orcish_oven,
          uniq_eustachio

Skill      XL: |  1  2  3  4  5  6  7 |
---------------+----------------------+-----
Shields        | 3 |  3.6
Axes           | 2 3 4 5 |  5.9
Armour         | 3 4 |  4.1
Dodging        | 1 |  1.3
Fighting       | 4 |  4.3
Throwing       | |  0.3

Action                   |  1- 3 |  4- 6 |  7- 9 || total
-------------------------+-------+-------+-------++-------
Melee: War axe           |    72 |   134 |    91 ||   297
       Tailslap          |     3 |     8 |     6 ||    17
       Kick              |       |       |     5 ||     5
Throw: Stone             |       |    10 |       ||    10
       Dart              |       |     1 |     4 ||     5
  Use: Potion            |       |     4 |     1 ||     5
       Scroll            |       |    13 |     2 ||    15
Armor: Scale mail        |    47 |    35 |       ||    82
       Chain mail        |       |    33 |       ||    33
       Plate armour      |       |    11 |    54 ||    65
Dodge: Dodged            |    30 |    49 |    21 ||   100
Block: Buckler           |    15 |    31 |    21 ||    67

Table legend: (Time is in decaauts)
 A = Elapsed time spent in this place.
 B = Non-inter-level travel time spent in this place.
 C = Inter-level travel time spent in this place.
 D = Time resting spent in this place.
 E = Time spent auto-exploring this place.
 F = Levels seen in this place.
 G = Mean time per level.
                   A        B        C        D        E       F      G
               +--------+--------+--------+--------+--------+-----+--------+
         Total |   4811 |   4723 |     88 |    160 |   2877 |   7 |  687.3 |
       Dungeon |   4419 |   4331 |     88 |    160 |   2744 |   6 |  736.5 |
         Sewer |    392 |    392 |      0 |      0 |    132 |   1 |  392.0 |
               +--------+--------+--------+--------+--------+-----+--------+

Top non-repeatable levels by time:
     D:1: 1556 daAuts
     D:4: 869 daAuts
     D:3: 864 daAuts
     D:2: 728 daAuts
   Sewer: 392 daAuts
     D:5: 382 daAuts
     D:6: 17 daAuts
